| 
	| TOP OF THE 1ST | 
|---|
 
		| Midland RockHounds batting - Pitching for New Hampshire Fisher Cats : RHP Josh Weinmann |  
		| Pitching: RHP Josh Weinmann |  |  
		| Batting: RHB Chris Bohm | 0-0: Called Strike 0-1: Ball
 1-1: Ball
 2-1: Foul Ball, location: 2F
 2-2: Ball
 3-2: Foul Ball, location: 2F
 3-2: Foul Ball, location: 2F
 3-2: Strikes out looking
 |  
		| Batting: RHB Chris Prinzing | 0-0: Ball 1-0: Called Strike
 1-1: Called Strike
 1-2: Ball
 2-2: Ground out 5-3 (Groundball, 56S, EV 86.2 MPH)
 |  
		| Batting: RHB Sean Gould | 0-0: Ball 1-0: Ball
 2-0: SINGLE  (Line Drive, 89S, EV 111.2 MPH)
 |  
		| Batting: LHB Chance Stever | 0-0: Ball 1-0: Called Strike
 1-1: Ball
 Wild Pitch!
 Sean Gould to second
 2-1: DOUBLE  (Line Drive, 5D, EV 96.2 MPH)
 Sean Gould scores
 |  
		| Batting: RHB Matt Sherard | 0-0: SINGLE  (Groundball, 56, EV 100.6 MPH) Chance Stever to third
 Runner from 3rd tries for Home, SAFE, throw by LF to home
 |  
		| Batting: RHB Micah Roth | 0-0: Called Strike 0-1: Ball
 1-1: Ball
 2-1: Foul Ball, location: 2F
 2-2: Ball
 3-2: Base on Balls
 Matt Sherard to second
 |  
		| Batting: LHB Tom Raupp | 0-0: Called Strike 0-1: Ground out U3 (Groundball, 3, EV 85.6 MPH)
 |  
		| Top of the 1st over - 2 runs, 3 hits, 0 errors, 2 left on base; Midland 2 - New Hampshire 0 |  
	| BOTTOM OF THE 1ST | 
|---|
 
		| New Hampshire Fisher Cats batting - Pitching for Midland RockHounds : RHP Mike Staus |  
		| Pitching: RHP Mike Staus |  |  
		| Batting: LHB Gabe Pace | 0-0: Foul Ball, location: 2F 0-1: Ball
 1-1: Called Strike
 1-2: Ball
 2-2: Ball
 3-2: Ground out 6-3 (Groundball, 4M, EV 101.9 MPH)
 |  
		| Batting: RHB Stephen Casteel | 0-0:  Fly out, F8  (Line Drive, 89S, EV 90.0 MPH) |  
		| Batting: RHB James Boynton | 0-0: Foul Ball, location: 2F 0-1:  Fly out, F8  (Line Drive, 78M, EV 98.8 MPH)
 |  
		| Bottom of the 1st over - 0 runs, 0 hits, 0 errors, 0 left on base; Midland 2 - New Hampshire 0 |  
	| TOP OF THE 2ND | 
|---|
 
		| Midland RockHounds batting - Pitching for New Hampshire Fisher Cats : RHP Josh Weinmann |  
		| Batting: RHB Don Burt | 0-0: Ball 1-0: Called Strike
 1-1: Swinging Strike
 1-2: Ground out 5-3 (Groundball, 56, EV 91.2 MPH)
 |  
		| Batting: RHB Larry Clark | 0-0: Foul Ball, location: 2F 0-1: Swinging Strike
 0-2: Ball
 1-2: SINGLE  (Groundball, 6S, EV 97.5 MPH)
 |  
		| Batting: RHB Chris Bohm | 0-0: Ball 1-0: SINGLE  (Line Drive, 56D, EV 95.6 MPH)
 Larry Clark to second
 |  
		| Batting: RHB Chris Prinzing | 0-0: Ball 1-0: Swinging Strike
 1-1: Grounds into double play, 5-4-3 (Groundball, 56S, EV 80.0 MPH)
 |  
		| Top of the 2nd over - 0 runs, 2 hits, 0 errors, 1 left on base; Midland 2 - New Hampshire 0 |  
	| BOTTOM OF THE 2ND | 
|---|
 
		| New Hampshire Fisher Cats batting - Pitching for Midland RockHounds : RHP Mike Staus |  
		| Batting: RHB Jon Aguilar | 0-0: Foul Ball, location: 2F 0-1: Foul Ball, location: 2F
 0-2: Foul Ball, location: 2F
 0-2: Ball
 1-2: Ball
 2-2: Ground out 4-3 (Groundball, 4D, EV 81.9 MPH)
 |  
		| Batting: RHB Butch Koglin | 0-0: Ball 1-0: Called Strike
 1-1: Ball
 2-1: Called Strike
 2-2: Ground out 1-3 (Groundball, 15S, EV 75.0 MPH)
 |  
		| Batting: RHB Chris Martin | 0-0: Called Strike 0-1: Ball
 1-1: Foul Ball, location: 2F
 1-2: Strikes out swinging
 |  
		| Bottom of the 2nd over - 0 runs, 0 hits, 0 errors, 0 left on base; Midland 2 - New Hampshire 0 |  
	| TOP OF THE 3RD | 
|---|
 
		| Midland RockHounds batting - Pitching for New Hampshire Fisher Cats : RHP Josh Weinmann |  
		| Batting: RHB Sean Gould | 0-0: Ball 1-0: Swinging Strike
 1-1: SINGLE  (Groundball, P, EV 90.6 MPH) (infield hit)
 |  
		| Batting: LHB Chance Stever | 0-0: Ball 1-0: Ball
 2-0: Called Strike
 2-1: Ball
 3-1: Base on Balls
 Sean Gould to second
 |  
		| Batting: RHB Matt Sherard | 0-0: Called Strike 0-1: Grounds into double play, 6-4-3 (Groundball, 6, EV 103.8 MPH)
 Sean Gould to third
 |  
		| Batting: RHB Micah Roth | 0-0: Ball 1-0: Foul Ball, location: 2F
 1-1: Ball
 2-1: Foul Ball, location: 2F
 2-2:  Fly out, F9  (Flyball, 9S, EV 85.6 MPH)
 |  
		| Top of the 3rd over - 0 runs, 1 hit, 0 errors, 1 left on base; Midland 2 - New Hampshire 0 |  
	| BOTTOM OF THE 3RD | 
|---|
 
		| New Hampshire Fisher Cats batting - Pitching for Midland RockHounds : RHP Mike Staus |  
		| Batting: RHB Ben Zeiler | 0-0: Ball 1-0: Ball
 2-0: Swinging Strike
 2-1: Ball
 3-1: Foul Ball, location: 2F
 3-2: Base on Balls
 |  
		| Batting: RHB Tokuji Kawabata | 0-0: Ball 1-0: Ball
 2-0: Called Strike
 2-1:  Fly out, F7  (Flyball, 78S, EV 84.4 MPH)
 |  
		| Batting: RHB Justin Powell | 0-0: Called Strike 0-1: Foul Ball, location: 2F
 0-2: Ball
 1-2: Strikes out looking
 |  
		| Batting: LHB Gabe Pace | 0-0: Foul Ball, location: 2F 0-1: DOUBLE  (Flyball, 8LXD, EV 98.1 MPH)
 Ben Zeiler to third
 Runner from 3rd tries for Home, SAFE, throw by CF to home
 |  
		| Batting: RHB Stephen Casteel | 0-0: Ball 1-0: Ball
 2-0: SINGLE  (Groundball, 56D, EV 98.8 MPH)
 Gabe Pace to third
 Runner from 3rd tries for Home, SAFE, throw by LF to home
 |  
		| Batting: RHB James Boynton | 0-0: Swinging Strike 0-1: Ball
 Stephen Casteel steals 2nd base
 1-1: Swinging Strike
 1-2: Ball
 2-2: Foul Ball, location: 2F
 2-2: Ball
 3-2:  2-RUN HOME RUN  (Flyball, 78XD, EV 112.5 MPH), Distance : 431 ft
 |  
		| Batting: RHB Jon Aguilar | 0-0: Ball 1-0: Ball
 2-0: Called Strike
 2-1: Ball
 3-1: Called Strike
 3-2: Strikes out looking
 |  
		| Bottom of the 3rd over - 4 runs, 3 hits, 0 errors, 0 left on base; Midland 2 - New Hampshire 4 |  
	| TOP OF THE 4TH | 
|---|
 
		| Midland RockHounds batting - Pitching for New Hampshire Fisher Cats : RHP Josh Weinmann |  
		| Batting: LHB Tom Raupp | 0-0: Ball 1-0: Foul Ball, location: 2F
 1-1: Ball
 2-1: Foul Ball, location: 2F
 2-2: Ball
 3-2: Base on Balls
 |  
		| Batting: RHB Don Burt | 0-0:  Fly out, F9  (Line Drive, 89M, EV 100.0 MPH) |  
		| Batting: RHB Larry Clark | 0-0: Foul Ball, location: 2F 0-1: Foul Ball, location: 2F
 0-2: Ball
 1-2: Foul Ball, location: 2F
 1-2: Ball
 2-2: Ball
 3-2: Foul Ball, location: 2F
 3-2: Base on Balls
 Tom Raupp to second
 |  
		| Batting: RHB Chris Bohm | 0-0: Reached on error, E6 (Groundball, 6, EV 92.5 MPH) Tom Raupp to third
 Larry Clark to second
 |  
		| Batting: RHB Chris Prinzing | 0-0: Swinging Strike 0-1: Foul Ball, location: 2F
 0-2: Strikes out swinging
 |  
		| Batting: RHB Sean Gould | 0-0: Swinging Strike 0-1: Foul Ball, location: 2F
 0-2: Ball
 1-2: Strikes out swinging
 |  
		| Top of the 4th over - 0 runs, 0 hits, 1 error, 3 left on base; Midland 2 - New Hampshire 4 |  
	| BOTTOM OF THE 4TH | 
|---|
 
		| New Hampshire Fisher Cats batting - Pitching for Midland RockHounds : RHP Mike Staus |  
		| Batting: RHB Butch Koglin | 0-0: Ball 1-0: Foul Ball, location: 2F
 1-1: Swinging Strike
 1-2: Ball
 2-2: Ball
 3-2:  Fly out, F7  (Line Drive, 7, EV 94.4 MPH)
 |  
		| Batting: RHB Chris Martin | 0-0: Ball 1-0: Ball
 2-0: Called Strike
 2-1: Foul Ball, location: 2F
 2-2:  Fly out, F4  (Flyball, 34D, EV 86.9 MPH)
 |  
		| Batting: RHB Ben Zeiler | 0-0: Called Strike 0-1: Ground out U3 (Groundball, 3, EV 83.1 MPH)
 |  
		| Bottom of the 4th over - 0 runs, 0 hits, 0 errors, 0 left on base; Midland 2 - New Hampshire 4 |  
	| TOP OF THE 5TH | 
|---|
 
		| Midland RockHounds batting - Pitching for New Hampshire Fisher Cats : RHP Josh Weinmann |  
		| Batting: LHB Chance Stever | 0-0: Foul Ball, location: 2F 0-1: Ball
 1-1: Ball
 2-1:  Fly out, F8  (Line Drive, 8RD, EV 97.5 MPH)
 |  
		| Batting: RHB Matt Sherard | 0-0: Ground out 4-3 (Groundball, P, EV 80.0 MPH) |  
		| Batting: RHB Micah Roth | 0-0: Ball 1-0:  Fly out, F6  (Flyball, 6D, EV 87.5 MPH)
 |  
		| Top of the 5th over - 0 runs, 0 hits, 0 errors, 0 left on base; Midland 2 - New Hampshire 4 |  
	| BOTTOM OF THE 5TH | 
|---|
 
		| New Hampshire Fisher Cats batting - Pitching for Midland RockHounds : RHP Mike Staus |  
		| Batting: RHB Tokuji Kawabata | 0-0: Ball 1-0: Foul Ball, location: 2F
 1-1: Ball
 2-1: Foul Ball, location: 2F
 2-2: Ball
 3-2: Ground out 6-3 (Groundball, 6, EV 85.6 MPH)
 |  
		| Batting: RHB Justin Powell | 0-0: Ball 1-0: Ball
 2-0: SINGLE  (Line Drive, 78S, EV 86.2 MPH)
 |  
		| Batting: LHB Gabe Pace | 0-0: Ball 1-0: Ball
 Justin Powell steals 2nd base
 2-0:  Fly out, F9  (Flyball, 9LSF, EV 89.4 MPH)
 |  
		| Batting: RHB Stephen Casteel | 0-0: Ground out 5-3 (Groundball, 5L, EV 93.1 MPH) |  
		| Bottom of the 5th over - 0 runs, 1 hit, 0 errors, 1 left on base; Midland 2 - New Hampshire 4 |  
	| TOP OF THE 6TH | 
|---|
 
		| Midland RockHounds batting - Pitching for New Hampshire Fisher Cats : RHP Josh Weinmann |  
		| Batting: LHB Tom Raupp | 0-0: Called Strike 0-1: Foul Ball, location: 2F
 0-2: Ball
 1-2: Ground out 4-3 (Groundball, 4, EV 90.6 MPH)
 |  
		| Batting: RHB Don Burt | 0-0: Ground out 4-3 (Groundball, 4, EV 101.2 MPH) |  
		| Batting: RHB Larry Clark | 0-0: Ball 1-0: SINGLE  (Groundball, 56D, EV 103.1 MPH)
 |  
		| Batting: RHB Chris Bohm | 0-0: Called Strike Larry Clark steals 2nd base
 0-1:  Fly out, F4  (Line Drive, 34D, EV 70.0 MPH)
 |  
		| Top of the 6th over - 0 runs, 1 hit, 0 errors, 1 left on base; Midland 2 - New Hampshire 4 |  
	| BOTTOM OF THE 6TH | 
|---|
 
		| New Hampshire Fisher Cats batting - Pitching for Midland RockHounds : RHP Mike Staus |  
		| Batting: RHB James Boynton | 0-0: SINGLE  (Groundball, 6MD, EV 96.9 MPH) |  
		| Batting: RHB Jon Aguilar | 0-0: Ball 1-0: Ball
 James Boynton is caught stealing 2nd base 2-4
 2-0: Called Strike
 2-1: Ground out 6-3 (Groundball, 6, EV 99.4 MPH)
 |  
		| Batting: RHB Butch Koglin | 0-0: Ground out 5-3 (Groundball, 56, EV 104.4 MPH) |  
		| Bottom of the 6th over - 0 runs, 1 hit, 0 errors, 0 left on base; Midland 2 - New Hampshire 4 |  
	| TOP OF THE 7TH | 
|---|
 
		| Midland RockHounds batting - Pitching for New Hampshire Fisher Cats : RHP Josh Weinmann |  
		| Now at 1B: Rodrigo Briceno |  |  
		| Now at SS: Kirk Seiffert |  |  
		| Now in LF: Timo Gomez |  |  
		| Batting: RHB Chris Prinzing | 0-0: Called Strike 0-1: Ground out 6-3 (Groundball, 6, EV 107.5 MPH)
 |  
		| Batting: RHB Sean Gould | 0-0: Called Strike 0-1: Foul Ball, location: 2F
 0-2: Ball
 1-2: Ball
 2-2: Foul Ball, location: 2F
 2-2: Ground out 5-3 (Groundball, 5, EV 86.9 MPH)
 |  
		| Batting: LHB Chance Stever | 0-0: Ball 1-0:  Fly out, F7  (Line Drive, 7S, EV 94.4 MPH)
 |  
		| Top of the 7th over - 0 runs, 0 hits, 0 errors, 0 left on base; Midland 2 - New Hampshire 4 |  
	| BOTTOM OF THE 7TH | 
|---|
 
		| New Hampshire Fisher Cats batting - Pitching for Midland RockHounds : RHP Mike Staus |  
		| Batting: RHB Chris Martin | 0-0: Foul Ball, location: 2F 0-1: Ball
 1-1: Foul Ball, location: 2F
 1-2: Strikes out swinging, 2-3 out at first.
 |  
		| Batting: RHB Ben Zeiler | 0-0: Ground out 4-3 (Groundball, 4M, EV 88.8 MPH) |  
		| Batting: RHB Tokuji Kawabata | 0-0: Ball 1-0: Ground out 5-3 (Groundball, 5S, EV 91.2 MPH)
 |  
		| Bottom of the 7th over - 0 runs, 0 hits, 0 errors, 0 left on base; Midland 2 - New Hampshire 4 |  
	| TOP OF THE 8TH | 
|---|
 
		| Midland RockHounds batting - Pitching for New Hampshire Fisher Cats : RHP Josh Weinmann |  
		| Now at 2B: Kirk Seiffert |  |  
		| Now at SS: Marcos Villalobos |  |  
		| Batting: RHB Matt Sherard | 0-0: Ball 1-0: Ground out 6-3 (Groundball, 6, EV 84.4 MPH)
 |  
		| Batting: RHB Micah Roth | 0-0: Ball 1-0: Ball
 2-0: Ball
 3-0: Base on Balls
 |  
		| Batting: LHB Tom Raupp | 0-0: Ball 1-0: Ground out 6-3 (Groundball, 6S, EV 74.4 MPH)
 Micah Roth to second
 |  
		| Batting: RHB Don Burt | 0-0: Foul Ball, location: 2F 0-1: Foul Ball, location: 2F
 0-2: Strikes out swinging
 |  
		| Top of the 8th over - 0 runs, 0 hits, 0 errors, 1 left on base; Midland 2 - New Hampshire 4 |  
	| BOTTOM OF THE 8TH | 
|---|
 
		| New Hampshire Fisher Cats batting - Pitching for Midland RockHounds : RHP Mike Staus |  
		| Pitching: RHP Antonio Reyes |  |  
		| Batting: RHB Justin Powell | 0-0: Ball 1-0: Foul Ball, location: 2F
 1-1:  Fly out, F9  (Flyball, 9D, EV 91.2 MPH)
 |  
		| Batting: LHB Timo Gomez | 0-0: Ball 1-0: DOUBLE  (Line Drive, 7LS, EV 107.5 MPH)
 |  
		| Batting: LHB Rodrigo Briceno | 0-0:  Fly out, F7  (Flyball, 7LSF, EV 80.6 MPH) |  
		| Batting: RHB James Boynton | 0-0: Ball 1-0: Ball
 2-0: Foul Ball, location: 2F
 2-1: Swinging Strike
 2-2: Foul Ball, location: 2F
 2-2: Foul Ball, location: 2F
 2-2: Ball
 3-2: Ground out 3-1 (Groundball, 34, EV 101.9 MPH)
 |  
		| Bottom of the 8th over - 0 runs, 1 hit, 0 errors, 1 left on base; Midland 2 - New Hampshire 4 |  
	| TOP OF THE 9TH | 
|---|
 
		| Midland RockHounds batting - Pitching for New Hampshire Fisher Cats : RHP Josh Weinmann |  
		| Pitching: LHP Mitchel Larson |  |  
		| Batting: RHB Larry Clark | 0-0: Swinging Strike 0-1: Ball
 1-1: Ground out U3 (Groundball, 34, EV 86.9 MPH)
 |  
		| Batting: RHB Chris Bohm | 0-0: Ball 1-0: Ground out 6-3 (Groundball, 6M, EV 87.5 MPH)
 |  
		| Batting: RHB Chris Prinzing | 0-0: Called Strike 0-1: Ball
 1-1: Ball
 2-1: Foul Ball, location: 2F
 2-2: Strikes out swinging
 |  
		| Top of the 9th over - 0 runs, 0 hits, 0 errors, 0 left on base; Midland 2 - New Hampshire 4 |  |